 Dungeon Crawl Stone Soup version 0.27.1-2-g3b301248ec (webtiles) character file.

Game seed: 852475708413618444

64 CuBeRJAN3 the Covered (level 4, -1/29 HPs)
             Began as a Gargoyle Fighter on Oct 4, 2021.
             Killed from afar by Ijyb (5 damage)
             ... with a puff of flame
             ... on level 3 of the Dungeon.
             The game lasted 00:10:19 (2212 turns).

CuBeRJAN3 the Covered (Gargoyle Fighter)            Turns: 2212, Time: 00:10:20

Health: -1/29      AC:  7    Str: 20    XL:     4   Next: 12%
Magic:  4/4        EV: 11    Int:  8    God:
Gold:   67         SH:  0    Dex: 10    Spells: 3/3 levels left

rFire    . . .     SeeInvis .   f - +2 dagger (vamp)
rCold    . . .     Faith    .   (no shield)
rNeg     + . .     Spirit   .   g - +0 leather armour {rPois}
rPois    ∞         Reflect  .   (no helmet)
rElec    +         Harm     .   (no cloak)
rCorr    .         Rampage  .   (no gloves)
Will     .....                  (no boots)
Stlth    ++........             (no amulet)
HPRegen  0.09/turn              (no ring)
MPRegen  0.09/turn              (no ring)

@: no status effects
A: sickness immunity, AC +3, negative energy resistance 1, electricity
resistance, torment resistance 1, petrification resistance
a: no special abilities


You were on level 3 of the Dungeon.
You visited 1 branch of the dungeon, and saw 3 of its levels.

You collected 67 gold pieces.

Inventory:

Hand Weapons
 a - a +0 flail
 f - a +2 vampiric dagger (weapon)
 h - a +2 dagger of freezing
Armour
 b - a +0 scale mail
 c - a +0 kite shield
 g - a +0 leather armour of poison resistance (worn)
Scrolls
 i - a scroll of identify {unknown}
 j - 2 scrolls of blinking {unknown}
 l - a scroll of magic mapping {unknown}
 m - a scroll of immolation {unknown}
 p - a scroll of teleportation {unknown}
 q - a scroll of fog {unknown}
Potions
 d - 2 potions of might
 e - 2 potions of cancellation {unknown}
 k - 2 potions of invisibility {unknown}
 n - a potion of berserk rage {unknown}
 o - a potion of curing {unknown}


   Skills:
 + Level 3.7 Fighting
 * Level 1.4 Short Blades
 - Level 2.1 Maces & Flails
 + Level 3.7 Armour
 * Level 2.0 Stealth
 - Level 3.4 Shields


You had 3 spell levels left.
You didn't know any spells.
Your spell library was empty.

Dungeon Overview and Level Annotations

Branches:
Dungeon (3/15)

Altars:

Annotations:
D:2 Jessica, Sigmund, Terence
D:3 Ijyb


Innate Abilities, Weirdness & Mutations

You are immune to sickness and miasma.
Your stone body is resilient. (AC +3)
You are immune to poison.
You resist negative energy. (rN+)
You are resistant to electric shocks. (rElec)
You are resistant to unholy torment.
You are immune to petrification.


Message History

Ijyb zaps a wand.
The puff of flame misses you.
You hit Ijyb but do no damage.
Ijyb is heavily wounded.
You barely miss Ijyb.
Ijyb is heavily wounded.
Ijyb screams, "I dance on your bones!" Ijyb hits you with a +1 spectral club.
You hit Ijyb but do no damage.
Ijyb is heavily wounded.
Ijyb hits you with a +1 spectral club.
You hit Ijyb.
Ijyb is heavily wounded.
Ijyb barely misses you.
You hit Ijyb but do no damage.
Ijyb is heavily wounded.
Ijyb closely misses you.
You hit Ijyb but do no damage.
Ijyb is heavily wounded.
Ijyb hits you with a +1 spectral club.
You closely miss Ijyb.
Ijyb is heavily wounded.
Ijyb barely misses you.
You closely miss Ijyb.
Ijyb is heavily wounded.
Ijyb barely misses you.
You barely miss Ijyb.
Ijyb is heavily wounded.
Ijyb hits you but does no damage.
You hit Ijyb but do no damage.
Ijyb is heavily wounded.
Ijyb hits you with a +1 spectral club.
* * * LOW HITPOINT WARNING * * *
You hit Ijyb but do no damage.
Ijyb is heavily wounded.
Ijyb zaps a wand.
The puff of flame hits you.
* * * LOW HITPOINT WARNING * * *
You hit Ijyb but do no damage.
Ijyb is heavily wounded.
Ijyb zaps a wand.
The puff of flame hits you.
You die...

#.########
#..g@....#
#.######.#
#.# #.# #.#
#.# #.# #.#
##.######.#


You could see Ijyb.

Vanquished Creatures
  An adder (D:3)
  A worm (D:2)
  A dart slug (D:2)
  A ball python (D:1)
  6 endoplasms
  5 giant cockroaches (D:1)
  6 goblins
  7 hobgoblins
  4 kobolds
  3 quokkas
  2 bats
  2 frilled lizards
  2 rats (D:1)
41 creatures vanquished.

Notes
Turn   | Place    | Note
-------+----------+-------------------------------------------
     0 | D:1      | CuBeRJAN3 the Gargoyle Fighter began the quest for the Orb.
     0 | D:1      | Reached XP level 1. HP: 14/14 MP: 1/1
   217 | D:1      | Reached XP level 2. HP: 19/19 MP: 2/2
   583 | D:1      | Reached skill level 1 in Stealth
   717 | D:1      | Reached XP level 3. HP: 23/23 MP: 3/3
   877 | D:1      | Reached skill level 1 in Short Blades
  1167 | D:2      | Noticed Sigmund
  1372 | D:2      | Noticed Terence
  1899 | D:2      | Noticed Jessica
  2027 | D:3      | Reached XP level 4. HP: 28/29 MP: 4/4
  2123 | D:3      | Found a faded altar of an unknown god.
  2185 | D:3      | Noticed Ijyb
  2212 | D:3      | Killed from afar by Ijyb

Illustrated notes

Levels and vault maps discovered:
D:1:      shiori_arrival_maze, layout_basic, eino_curves_01,
          amcnicky_mini_rare_corridor_liquid
D:2:      layout_basic, serial_shops, nicolae_lakefront_shop,
          minmay_misc_feat_rows, uniq_terence, uniq_sigmund, uniq_jessica
D:3:      layout_loops_ring, hellmonk_ecumenical_altar_zigzags,
          minmay_misc_feat_ornament, glass_columns_b, uniq_ijyb, uniq_natasha

Skill      XL: |  1  2  3 |
---------------+----------+-----
Stealth        | 1 2 |  2.0
Short Blades   | 1 |  1.4
Fighting       | |  3.7
Maces & Flails | |  2.1
Armour         | |  3.7
Shields        | |  3.4

Action                   |  1- 3 |  4- 6 || total
-------------------------+-------+-------++-------
Melee: Flail             |    16 |       ||    16
       Dagger            |   132 |    35 ||   167
 Stab: Sleeping          |     1 |       ||     1
Armor: Scale mail        |    20 |       ||    20
       Leather armour    |    32 |     6 ||    38
Dodge: Dodged            |    55 |    15 ||    70
Block: Kite shield       |    21 |       ||    21
